 Dungeon Crawl Stone Soup version 0.32-a0-572-g3e1049bc92 (webtiles) character file.

Game seed: 5760560569671913460

5663 Gargoyl the Cleaver (level 10, -5/64 HPs)
             Began as a Gargoyle Berserker on Mar 1, 2024.
             Was a Priest of Trog.
             Slain by a fire elemental (14 damage)
             ... summoned by a deep elf pyromancer
             ... on level 8 of the Dungeon.
             The game lasted 00:09:59 (7354 turns).

Gargoyl the Cleaver (Gargoyle Berserker)            Turns: 7354, Time: 00:10:00

Health: -5/64      AC: 24    Str: 21    XL:     10   Next: 75%
Magic:  10/10      EV:  8    Int:  8    God:    Trog [***...]
Gold:   387        SH:  0    Dex: 13    Spells: 9/9 levels left

rFire   . . .        w - +3 hand axe
rCold   + . .        (no shield)
rNeg    + . .        C - +0 plate armour
rPois   ∞            (no helmet)
rElec   +            (no cloak)
rCorr   .            (no gloves)
SInv    +            i - +2 pair of boots
Will    ++...        (no amulet) Stlth
                     j - ring of protection from cold
HPRegen 1.30/turn    v - ring of see invisible
MPRegen 0.12/turn

%: no passive effects
@: strong-willed, on berserk cooldown, regenerating, slowed, very slow
A: sickness immunity, AC +7, negative energy resistance 1, electricity
resistance, torment resistance 1, petrification resistance
a: Renounce Religion, Berserk, Trog's Hand


You were on level 8 of the Dungeon.
You worshipped Trog.
Trog was most pleased with you.
You visited 1 branch of the dungeon, and saw 8 of its levels.

You collected 421 gold pieces.
You spent 34 gold pieces at shops.

Inventory:

Hand Weapons
 a - a +2 hand axe
 p - a +0 flail
 w - a +3 hand axe (weapon)
Missiles
 l - 6 poisoned darts (quivered)
Armour
 i - a +2 pair of boots (worn)
 C - a +0 plate armour (worn)
Jewellery
 j - a ring of protection from cold (left hand)
 u - an amulet of faith
 v - a ring of see invisible (right hand)
Wands
 y - a wand of iceblast (6)
Scrolls
 e - 3 scrolls of teleportation
 t - a scroll of noise {unknown}
 z - a scroll of immolation
 A - a scroll of fear
 B - a scroll of enchant armour
Potions
 b - a potion of might
 c - a potion of resistance
 d - a potion of attraction {unknown}
 f - 3 potions of degeneration {unknown}
 g - a potion of cancellation {unknown}
 k - a potion of enlightenment {unknown}
 m - a potion of lignification {unknown}
 n - 3 potions of curing {unknown}
 o - 2 potions of heal wounds
 q - a potion of magic {unknown}
 r - 3 potions of mutation {unknown}
 s - 3 potions of berserk rage {unknown}
 x - 2 potions of invisibility {unknown}


   Skills:
 + Level 7.8 Fighting
 + Level 10.0 Axes
 + Level 9.1 Armour
 + Level 4.9 Dodging
 + Level 1.0 Stealth


You had 9 spell levels left.
You didn't know any spells.
Your spell library was empty.

Dungeon Overview and Level Annotations

Branches:
Dungeon (8/15)             Temple (0/1) D:4
   Lair: D:8-11

Altars:
Cheibriados
Hepliaklqana
Kikubaaqudgha
Qazlal
Vehumet
Wu Jian

Shops:
D:1 *   D:6 (


Innate Abilities, Weirdness & Mutations

You are immune to sickness and miasma.
Your stone body is resilient. (AC +7)
You are immune to poison.
You resist negative energy. (rN+)
You are resistant to electric shocks. (rElec)
You are resistant to unholy torment.
You are immune to petrification.


Message History

The fire elemental closely misses you. x2
The deep elf pyromancer casts a spell.
Throw: 7 darts (poison)
Press: ? - help, Q - select action, (/) - cycle Shift-Dir - straight line, f/p - deep elf pyromancer
Aim: a deep elf pyromancer, wielding a +0 long sword (moderately wounded, 46% to hit)
You throw a poisoned dart.
The poisoned dart hits the deep elf pyromancer.
The deep elf pyromancer is poisoned.
The deep elf pyromancer is moderately wounded.
The fire elemental hits you. The fire elemental burns you!
The fire elemental barely misses you. x2
You hit the deep elf pyromancer.
The deep elf pyromancer is heavily wounded.
You hit the fire elemental. x3; The fire elemental hits you.
The fire elemental burns you!
The deep elf pyromancer closely misses you.
The fire elemental hits you. The fire elemental burns you!
The fire elemental closely misses you. x2; The fire elemental hits you.
The fire elemental burns you!
The deep elf pyromancer hits you with a +0 long sword.
* * * LOW HITPOINT WARNING * * *
You slash the deep elf pyromancer!
The deep elf pyromancer is severely wounded.
You closely miss the fire elemental. You hit the fire elemental.
You slash the fire elemental!
The howler monkey looks more healthy.
The fire elemental hits you. The fire elemental burns you!
* * * LOW HITPOINT WARNING * * *
The fire elemental closely misses you. The fire elemental hits you.
The fire elemental burns you!
* * * LOW HITPOINT WARNING * * *
The deep elf pyromancer casts a spell.
The deep elf pyromancer blinks!
The fire elemental barely misses you. The fire elemental hits you.
The orc warrior shouts!
The fire elemental hits you. The fire elemental burns you!
* * * LOW HITPOINT WARNING * * *
The howler monkey hoots and howls with incredible vigour!
The fire elemental closely misses you. The fire elemental hits you.
The fire elemental burns you!
You die...

.#########†..# ###.......÷.....
.............# #...#.####.....#
############.# #.###.#!.##...##
########.#####.# #.#...##.##.
#......#...#(..###.##...#.#.[
#......#.....○......##.'#.#))
#........#.e###..(...###...##
#......#.##E##.(#.......oßh..
#####......#.##.@h.(.....###Yeo##
.[.#########.##EE.......##.h#.#'o
...#########.##°°..#.o.##. #y#Y.
.................#.....# ##u##.
...# #######÷......###.# ##...##
...##### #..).#### #.####.....#
#....... #.#.## #...........
........###...## ####.###..#..
#.............<.#####...........#


You could see a deep elf pyromancer (poisoned), 3 fire elementals, an orc
warrior and a howler monkey (catching breath).

Vanquished Creatures
  A two-headed ogre (D:8)
  An ugly thing (D:8)
  A cyclops (D:7)
  Joseph (D:7)
  A hornet (D:8)
  A wyvern (D:8)
  Sigmund (D:2)
  Menkaure (D:6)
  An acid dragon (D:8)
  A water moccasin (D:6)
  2 orc warriors (D:8)
  A sky beast (D:7)
  4 ice beasts
  2 centaurs
  2 kobold brigands
  5 bullfrogs
  2 gnoll sergeants (D:7)
  5 scorpions
  4 wights (D:8)
  6 killer bees
  4 howler monkeys (D:7)
  A bombardier beetle (D:4)
  A jelly (D:5)
  An orc priest (D:7)
  4 hounds
  2 sleepcaps
  7 iguanas
  Terence (D:2)
  3 orc wizards
  14 gnolls
  5 adders
  A shadow imp (D:8)
  4 white imps
  2 dart slugs
  A ribbon worm (D:2)
  18 orcs
  8 endoplasms
  5 giant cockroaches
  7 goblins
  3 hobgoblins
  6 jackals
  15 kobolds
  8 quokkas
  12 ball pythons
  2 bats
  2 frilled lizards
  3 rats (D:1)
183 creatures vanquished.

Notes
Turn   | Place    | Note
-------+----------+-------------------------------------------
     0 | D:1      | Gargoyl the Gargoyle Berserker began the quest for the Orb.
     0 | D:1      | Reached XP level 1. HP: 14/14 MP: 1/1
    56 | D:1      | Reached XP level 2. HP: 10/19 MP: 2/2
    64 | D:1      | Reached skill level 3 in Axes
   206 | D:1      | Found Boentij's Assorted Antiques.
   531 | D:1      | Bought a scroll labelled JUROMU UL CUYCW for 17 gold pieces
   531 | D:1      | Bought a scroll labelled RIGAAD JAUT for 17 gold pieces
   566 | D:2      | Reached XP level 3. HP: 23/24 MP: 3/3
   656 | D:2      | Reached ** piety under Trog
   811 | D:2      | Noticed Terence
   822 | D:2      | Killed Terence
   823 | D:2      | Reached XP level 4. HP: 29/29 MP: 4/4
  1050 | D:2      | Noticed Sigmund
  1065 | D:2      | Killed Sigmund
  1066 | D:2      | Reached skill level 4 in Axes
  1066 | D:2      | Reached XP level 5. HP: 34/34 MP: 5/5
  1267 | D:3      | Reached XP level 6. HP: 39/39 MP: 6/6
  1651 | D:3      | Found a stormy altar of Qazlal.
  1655 | D:3      | Found an ornate altar of the Wu Jian Council.
  2380 | D:4      | Reached skill level 5 in Axes
  2460 | D:4      | Reached XP level 7. HP: 44/44 MP: 7/7
  2486 | D:4      | Found a staircase to the Ecumenical Temple.
  2518 | D:4      | HP: 1/66 [burnt (3)]
  3180 | D:5      | Entered Level 5 of the Dungeon
  3539 | D:5      | Found a radiant altar of Vehumet.
  3559 | D:5      | Reached skill level 5 in Fighting
  3860 | D:5      | Reached skill level 6 in Axes
  3860 | D:5      | Reached skill level 5 in Armour
  3860 | D:5      | Reached XP level 8. HP: 46/49 MP: 8/8
  4131 | D:6      | Found a hazy altar of Hepliaklqana.
  4156 | D:6      | Found a snail-covered altar of Cheibriados.
  4282 | D:6      | Found Muiqak's Antique Weapon Shop.
  4482 | D:6      | Reached *** piety under Trog
  4483 | D:6      | Reached skill level 1 in Stealth
  4759 | D:6      | Noticed Menkaure
  4765 | D:6      | Killed Menkaure
  5061 | D:7      | Noticed a cyclops
  5074 | D:7      | Reached skill level 7 in Axes
  5079 | D:7      | Killed a cyclops
  5080 | D:7      | Reached XP level 9. HP: 24/55 MP: 9/9
  5324 | D:7      | Noticed Joseph
  5353 | D:7      | Killed Joseph
  5354 | D:7      | Reached skill level 8 in Axes
  5911 | D:7      | Found an ancient bone altar of Kikubaaqudgha.
  6094 | D:7      | Reached XP level 10. HP: 61/61 MP: 10/10
  6213 | D:8      | Reached skill level 9 in Axes
  6451 | D:8      | Noticed a two-headed ogre
  6463 | D:8      | Killed a two-headed ogre
  7062 | D:8      | Noticed a white ugly thing
  7063 | D:8      | Noticed a deep elf pyromancer
  7285 | D:8      | Killed a white ugly thing
  7286 | D:8      | Reached skill level 10 in Axes
  7354 | D:8      | Slain by a fire elemental

Illustrated notes

Levels and vault maps discovered:
D:1:      wander_arrival_peaceful_grave, layout_rooms, serial_shops, shop
D:2:      layout_rooms, chequers_arboretum, uniq_terence, uniq_sigmund
D:3:      layout_basic, grunt_temple_overflow_open
D:4:      layout_basic, minmay_temple_entry_statues, minmay_diced_spiral
D:5:      layout_basic, mainiacjoe_overflow_chevrons, minmay_misc_feat_encased
D:6:      layout_loops_ring, lemuel_round_altar, mainiacjoe_overflow_catwalk,
          serial_shops, nicolae_shop_statue_plus, uniq_menkaure
D:7:      layout_rooms, mainiacjoe_overflow_boulevard, uniq_joseph
D:8:      cheibrodos_barr_body, layout_rooms, kennysheep_generic_room_16

Skill      XL: |  1  2  3  4  5  6  7  8  9 10 |
---------------+-------------------------------+-----
Axes           | 3 4 5 6 7 8 10 | 10.0
Dodging        | 2 3 4 |  4.9
Fighting       | 4 5 6 7 |  7.8
Armour         | 3 5 7 8 9 |  9.1
Stealth        | 1 |  1.0

Action                     |  1- 3 |  4- 6 |  7- 9 | 10-12 || total
---------------------------+-------+-------+-------+-------++-------
  Melee: Hand axe          |   116 |   116 |   395 |   172 ||   799
  Throw: Dart              |     1 |       |       |     5 ||     6
 Invoke: Berserk           |     2 |     3 |     8 |     7 ||    20
         Trog's Hand       |       |     2 |     1 |     5 ||     8
    Use: Scroll            |     6 |     1 |     6 |     6 ||    19
         Potion            |       |       |     2 |       ||     2
 Armour: Animal skin       |    31 |       |       |       ||    31
         Scale mail        |    74 |   112 |   381 |    99 ||   666
         Plate armour      |       |       |       |    63 ||    63
  Dodge: Dodged            |    78 |    93 |   323 |   108 ||   602

Table legend: (Time is in decaauts)
 A = Elapsed time spent in this place.
 B = Non-inter-level travel time spent in this place.
 C = Inter-level travel time spent in this place.
 D = Time resting spent in this place.
 E = Time spent auto-exploring this place.
 F = Levels seen in this place.
 G = Mean time per level.
                   A        B        C        D        E       F      G
               +--------+--------+--------+--------+--------+-----+--------+
         Total |   7503 |   7400 |    103 |   1251 |   4240 |   8 |  937.9 |
       Dungeon |   7503 |   7400 |    103 |   1251 |   4240 |   8 |  937.9 |
               +--------+--------+--------+--------+--------+-----+--------+

Top non-repeatable levels by time:
     D:6: 1617 daAuts
     D:8: 1176 daAuts
     D:4: 1171 daAuts
     D:3: 926 daAuts
     D:5: 793 daAuts
     D:7: 653 daAuts
     D:2: 609 daAuts
     D:1: 555 daAuts
